 Dungeon Crawl Stone Soup version 0.27.1-34-g3ba077fa99 (webtiles) character file.

Game seed: 17049283257139942173

218 squill the Conjurer (level 5, 0/44 HPs)
             Began as a Hill Orc Conjurer on Jan 8, 2022.
             Was an Initiate of Okawaru.
             Slain by Menkaure (22 damage)
             ... on level 4 of the Dungeon.
             The game lasted 00:06:09 (3977 turns).

squill the Conjurer (Hill Orc Conjurer)             Turns: 3977, Time: 00:06:10

Health: 0/44       AC:  6    Str: 10      XL:     5   Next: 95%
Magic:  1/8        EV: 11    Int: 19      God:    Okawaru [......]
Gold:   142        SH:  0    Dex:  8 (9)  Spells: 3/8 levels left

rFire    . . .     SeeInvis .   i - +0 hand axe (drain)
rCold    . . .     Faith    .   (no shield)
rNeg     . . .     Spirit   .   e - +0 leather armour
rPois    .         Reflect  .   (no helmet)
rElec    .         Harm     .   (no cloak)
rCorr    .         Rampage  .   g - +2 pair of gloves
Will     .....                  (no boots)
Stlth    +.........             (no amulet)
HPRegen  0.14/turn              (no ring)
MPRegen  0.11/turn              (no ring)

@: no status effects
A: no striking features
a: Renounce Religion


You were on level 4 of the Dungeon.
You worshipped Okawaru.
Okawaru was noncommittal.
You visited 1 branch of the dungeon, and saw 4 of its levels.

You collected 142 gold pieces.

Inventory:

Hand Weapons
 i - a +0 hand axe of draining (weapon)
Armour
 b - a +0 chain mail of positive energy
 e - a +0 leather armour (worn)
 g - a +2 pair of gloves (worn)
Jewellery
 f - a ring of flight
Scrolls
 a - 2 scrolls of brand weapon
 h - a scroll of identify
Potions
 c - a potion of cancellation


   Skills:
 + Level 2.8 Fighting
 + Level 2.5 Axes
 - Level 2.6 Armour
 - Level 1.5 Dodging
 - Level 1.5 Stealth
 + Level 2.4 Spellcasting
 + Level 4.7 Conjurations
 + Level 0.0 Hexes
 + Level 0.0 Ice Magic


You had 3 spell levels left.
You knew the following spells:

 Your Spells              Type           Power      Damage    Failure   Level
a - Magic Dart            Conj           80%        1d7       3%          1
b - Searing Ray           Conj           40%        3d4       4%          2
c - Ensorcelled Hibernat  Hex/Ice        4%         N/A       32%         2

Your spell library contained the following spells:

 Spells                   Type           Power      Damage    Failure   Level
 Corona                   Hex            2%         N/A       22%         1
 Dazzling Flash           Conj/Hex       22%        N/A       24%         3
 Corpse Rot               Necr/Air       N/A        N/A       32%         2
 Poisonous Vapours        Pois/Air       4%         N/A       32%         2
 Ozocubu's Armour         Ice            2%         N/A       54%         3
 Tukima's Dance           Hex            2%         N/A       54%         3
 Fulminant Prism          Conj/Hex       5%         3d7       61%         4
 Iskenderun's Mystic Bla  Conj/Tloc      11%        2d4       63%         4
 Freezing Cloud           Conj/Ice/Air   4%         6-21      97%         5
 Metabolic Englaciation   Hex/Ice        1%         N/A       99%         5
 Summon Forest            Summ/Tloc      1%         N/A       99%         5
 Summon Mana Viper        Hex/Summ       2%         N/A       99%         5
 Shadow Creatures         Summ           N/A        N/A       100%        6
 Simulacrum               Ice/Necr       1%         N/A       100%        6


Dungeon Overview and Level Annotations

Branches:
Dungeon (4/15)
 Temple: D:4-7

Altars:
Ashenzari
Elyvilon
Fedhas
Okawaru
Qazlal
Sif Muna

Annotations:
D:4 Eustachio, Menkaure, Natasha


Message History

The rat closely misses you. The river rat barely misses you.
The river rat bites you but does no damage.
The quasit bites you.
You feel clumsy.
The quasit claws you but does no damage. x2
An iguana comes into view.
Eustachio gestures wildly while chanting.
The iguana hisses angrily.
You hear a shout!
The quasit disappears in a puff of smoke!
Menkaure, Prince of Dust comes into view.
Natasha, Servant of Life and Death comes into view.
Eustachio screams, "Hey, you killed my favourite bat!"
Menkaure gestures at you while chanting.
Pain shoots through your body!
As you read the scroll labelled HYADWI XUBAH, it crumbles to dust.
It is a scroll of brand weapon.
Your +0 hand axe craves living souls!
i - a +0 hand axe of draining (weapon)
The iguana bites you. The bat hits you but does no damage.
The river rat bites you!
As you read the scroll labelled NAVVE GABYUGIGG, it crumbles to dust.
It is a scroll of identify.
c - a potion of cancellation The bat closely misses you.
The iguana closely misses you. The river rat barely misses you.
As you read the scroll labelled LAPYASMYQU, it crumbles to dust.
You hear a loud clanging noise!
It was a scroll of noise.
You hear a shout!
The bat hits you but does no damage. The iguana bites you.
The river rat barely misses you. Natasha closely misses you.
The bat misses you. Menkaure closely misses you. The bat barely misses you. x2
Natasha mumbles some strange words.
Menkaure barely misses you. The bat closely misses you.
A hobgoblin comes into view.
Menkaure hits you!!
Ouch! That really hurt!
You die...

#......### .... #........#
... #...#..#.# ....
#......#.# . .g# ###.#.##.#
.. #####.## #...##.# ...
##......######...#.##...
####...............†.......
.......@h@######..........
###......Mb# #..........
##.......rr.# ###.>...#....
.#..###.5..l##
#...##..#.... ....#.#..r###
#.####..####. .###.###.#
####.# #..# . .#..:.o#.#
#....####..# .###.###r#
#........... #...'o#...#
#....########


You could see Eustachio, Menkaure, an iguana, an orc wizard, Natasha, a crimson
imp (summoned), a river rat (summoned), a quokka (summoned), a hobgoblin, a bat
(summoned) and a rat (summoned).

Vanquished Creatures
  A scorpion (D:2)
  A howler monkey (D:3)
  4 gnolls (D:2)
  4 adders
  2 dart slugs
  6 ball pythons
  6 endoplasms
  2 giant cockroaches (D:3)
  3 goblins
  4 hobgoblins
  2 kobolds
  A quokka (D:1)
  6 bats
  A frilled lizard (D:3)
  4 rats
47 creatures vanquished.

Notes
Turn   | Place    | Note
-------+----------+-------------------------------------------
     0 | D:1      | squill the Hill Orc Conjurer began the quest for the Orb.
     0 | D:1      | Reached XP level 1. HP: 14/14 MP: 3/3
   249 | D:1      | Reached XP level 2. HP: 19/22 MP: 0/4
   372 | D:1      | Learned a level 2 spell: Searing Ray
   376 | D:1      | Reached skill level 1 in Fighting
   524 | D:1      | Reached skill level 1 in Armour
  1460 | D:2      | Found a faded altar of an unknown god.
  1487 | D:2      | Reached XP level 3. HP: 28/28 MP: 0/5
  1945 | D:2      | Noticed a scorpion
  1959 | D:2      | Killed a scorpion
  1960 | D:2      | Reached skill level 1 in Axes
  1960 | D:2      | Reached XP level 4. HP: 16/36 MP: 0/7
  2703 | D:2      | Reached XP level 5. HP: 41/41 MP: 4/8
  3406 | D:3      | Found a blossoming altar of Fedhas.
  3406 | D:3      | Found a white marble altar of Elyvilon.
  3661 | D:3      | Found a shimmering blue altar of Sif Muna.
  3667 | D:3      | Found an iron altar of Okawaru.
  3668 | D:3      | Found a broken altar of Ashenzari.
  3668 | D:3      | Found a stormy altar of Qazlal.
  3675 | D:3      | Became a worshipper of Warmaster Okawaru
  3893 | D:4      | Learned a level 2 spell: Ensorcelled Hibernation
  3943 | D:4      | Noticed Eustachio
  3969 | D:4      | Noticed Menkaure
  3971 | D:4      | Noticed Natasha
  3977 | D:4      | Slain by Menkaure

Illustrated notes

Levels and vault maps discovered:
D:1:      psy_arrival_radial02, layout_basic
D:2:      layout_basic, shapermc_ecumenical_altar_gd
D:3:      layout_basic, grunt_temple_overflow_open,
          gammafunk_temple_overflow_wave, serial_park_tiny_1, minmay_between
D:4:      layout_basic, minmay_a_box_with_orc_wizards_in_it, uniq_menkaure,
          uniq_eustachio, uniq_natasha

Skill      XL: |  1  2  3  4  5 |
---------------+----------------+-----
Fighting       | 1 2 |  2.8
Armour         | 1 2 |  2.6
Spellcasting   | 2 |  2.4
Axes           | 1 2 |  2.5
Dodging        | |  1.5
Stealth        | |  1.5
Conjurations   | |  4.7

Action                   |  1- 3 |  4- 6 || total
-------------------------+-------+-------++-------
Melee: Unarmed           |    15 |       ||    15
       Hand axe          |    29 |    51 ||    80
 Cast: Magic Dart        |    54 |    19 ||    73
       Searing Ray       |       |     6 ||     6
  Use: Potion            |     3 |       ||     3
       Scroll            |       |     3 ||     3
Armor: Robe              |    13 |     7 ||    20
       Skin              |    13 |       ||    13
       Leather armour    |       |    18 ||    18
Dodge: Dodged            |    24 |    58 ||    82
